 Dungeon Crawl Stone Soup version 0.24.0-125-gc4c63601f3 (webtiles) character file.

Game seed: 11680086526705851231, levelgen mode: deterministic

86 Descartes the Ruffian (level 4, -3/41 HPs)
             Began as a Troll Warper on Feb 21, 2020.
             Slain by Ijyb
             ... wielding a +4 dagger of venom
              (4 damage)
             ... on level 3 of the Dungeon.
             The game lasted 00:05:22 (1311 turns).

Descartes the Ruffian (Troll Warper)                Turns: 1311, Time: 00:05:24

Health: -3/41      AC:  2    Str: 19    XL:     4   Next: 27%
Magic:  4/4        EV: 10    Int: 10    God:
Gold:   120        SH:  0    Dex:  9    Spells: 3/5 levels left

rFire    . . .     SeeInvis .     - Unarmed
rCold    . . .     Gourm    +   (no shield)
rNeg     . . .     Faith    .   a - +0 robe
rPois    .         Spirit   .   (helmet restricted)
rElec    .         Reflect  .   (no cloak)
rCorr    .         Harm     .   (gloves unavailable)
MR       .....                  (boots unavailable)
Stlth    +.........             (no amulet)
HPRegen  0.53/turn              (no ring)
MPRegen  0.09/turn              (no ring)

@: lethally poisoned (-3 -> -3), corroded
A: large, unfitting armour, claws 3, fast metabolism 3, gourmand, regeneration
1, shaggy fur 1, tough skin 3
a: no special abilities


You were on level 3 of the Dungeon.
You were very full.

You visited 1 branch of the dungeon, and saw 3 of its levels.

You collected 120 gold pieces.

Inventory:

Missiles
 d - 5 boomerangs of dispersal (quivered)
 h - 53 stones
 j - 5 poisoned darts
 l - 19 sling bullets
 n - 62 bolts
 o - 23 arrows
Armour
 a - a +0 robe (worn)
Wands
 u - a wand of paralysis (11)
Scrolls
 b - a scroll of enchant armour {unknown}
 c - a scroll of blinking
 e - 3 scrolls of amnesia {unknown}
 g - 6 scrolls of teleportation {unknown}
 k - a scroll of enchant weapon {unknown}
 q - 3 scrolls of identify {unknown}
 r - a scroll of magic mapping {unknown}
Potions
 i - a potion of flight {unknown}
 m - a potion of invisibility {unknown}
 p - a potion of ambrosia {unknown}
 t - a potion of heal wounds {unknown}
 v - a potion of curing {unknown}
 w - a potion of agility {unknown}
Comestibles
 f - 9 rations
 s - 4 chunks of flesh


   Skills:
 - Level 1.5 Fighting
 + Level 2.3 Throwing
 - Level 1.9 Dodging
 + Level 3.8 Unarmed Combat
 + Level 1.2 Spellcasting
 + Level 2.1 Translocations


You had 3 spell levels left.
You knew the following spells:

 Your Spells              Type           Power        Failure   Level  Hunger
a - Blink                 Tloc           N/A          21%         2    ###....

Your spell library contained the following spells:

 Spells                   Type           Power        Failure   Level  Hunger
 Shroud of Golubria       Chrm/Tloc      #.....       32%         2    ###....
 Corona                   Hex            #......      34%         1    ##.....
 Gell's Gravitas          Tloc           #.........   38%         3    ####...
 Lesser Beckoning         Tloc           #.........   38%         3    ####...
 Teleport Other           Tloc           #.......     38%         3    ####...
 Ensorcelled Hibernation  Hex/Ice        #.....       45%         2    ###....
 Confuse                  Hex            #.......     71%         3    ####...
 Dazzling Spray           Conj/Hex       #.....       71%         3    ####...
 Tukima's Dance           Hex            #.......     71%         3    ####...
 Passage of Golubria      Tloc           N/A          80%         4    #####..


Dungeon Overview and Level Annotations

Branches:
Dungeon (3/15)

Altars:

Annotations:
D:3 Ijyb


Innate Abilities, Weirdness & Mutations

You are too large for most types of armour.
You have claws for hands.
Your metabolism is lightning-fast.
You like to eat raw meat.
Your natural rate of healing is unusually fast.
You are covered in fur. (AC +1)
You have extremely tough skin. (AC +3)


Message History

You scratch Ijyb.
Ijyb is moderately wounded.
Ijyb hits you with a +4 dagger of venom.
* * * LOW HITPOINT WARNING * * *
You are poisoned.
You barely miss Ijyb.
Ijyb is moderately wounded.
You feel sick.
Ijyb hits you with a +4 dagger of venom.
* * * LOW HITPOINT WARNING * * *
You barely miss Ijyb.
Ijyb is moderately wounded.
Ijyb closely misses you.
You barely miss Ijyb.
Ijyb is moderately wounded.
* * * LOW HITPOINT WARNING * * *
You feel sick.
Ijyb screams, "No!
No, no, no, no!"
Ijyb hits you with a +4 dagger of venom.
You die...

.).# .. .....# .. ...... .#
......##.#####.
#.....#..........
##........g.......
#.........g...............#
#?........@........[ .....
#................##..#...##
#.....##........##.##....#
#...........##...........
###..÷.....##.##........
#÷....................
###..........#..........
#.....#.##..............
#.....#.###..#..........


You could see Ijyb and a hobgoblin.

Vanquished Creatures
  3 adders
  An ooze (D:2)
  A worm (D:3)
  3 dart slugs
  A leopard gecko (D:1)
  A giant cockroach (D:2)
  3 goblins
  2 hobgoblins (D:1)
  6 jackals (D:2)
  3 kobolds
  3 quokkas
  A ball python (D:2)
  6 bats
  2 frilled lizards
  12 rats
48 creatures vanquished.

Notes
Turn   | Place    | Note
-------+----------+-------------------------------------------
     0 | D:1      | Descartes the Troll Warper began the quest for the Orb.
     0 | D:1      | Reached XP level 1. HP: 19/19 MP: 1/1
    68 | D:1      | Reached skill level 1 in Throwing
    68 | D:1      | Reached XP level 2. HP: 27/27 MP: 2/2
   521 | D:2      | Reached skill level 3 in Unarmed Combat
   538 | D:2      | Reached XP level 3. HP: 30/33 MP: 3/3
  1202 | D:3      | Reached XP level 4. HP: 35/41 MP: 4/4
  1299 | D:3      | Noticed Ijyb
  1300 | D:3      | Learned a level 2 spell: Blink
  1309 | D:3      | HP: 1/41 [Ijyb/+4 dagger of venom (6)]
  1311 | D:3      | Slain by Ijyb

Levels and vault maps discovered:
D:1:      wheals_arrival_shading, layout_basic
D:2:      layout_basic, minmay_stone_trees_large, minmay_pentomino_o4
D:3:      layout_rooms, uniq_ijyb

Skill      XL: |  1  2  3 |
---------------+----------+-----
Throwing       | 1 2 |  2.3
Unarmed Combat | 3 |  3.8
Fighting       | |  1.5
Dodging        | |  1.9
Spellcasting   | |  1.2
Translocations | |  2.1

Action                   |  1- 3 |  4- 6 || total
-------------------------+-------+-------++-------
Melee: Unarmed           |   129 |    28 ||   157
       Punch             |     1 |     1 ||     2
  Eat: Chunk             |    16 |     1 ||    17
Armor: Robe              |    72 |     8 ||    80
Dodge: Dodged            |    82 |    11 ||    93
